 Dungeon Crawl Stone Soup version 0.26-a0-652-gafc20e3620 (webtiles) character file.

Game seed: 10410416392618800444

15 DoubleLucky the Grave Robber (level 2, -1/15 HPs)
             Began as a Vampire Necromancer on Oct 4, 2020.
             Slain by an orc warrior
             ... wielding a +0 trident
              (16 damage)
             ... on level 2 of the Dungeon.
             The game lasted 00:03:26 (690 turns).

DoubleLucky the Grave Robber (Vampire Necromancer)   Turns: 690, Time: 00:03:27

Health: -1/15      AC:  3    Str:  7    XL:     2   Next: 34%
Magic:  0/5        EV: 12    Int: 17    God:
Gold:   65         SH:  0    Dex: 14    Spells: 3/5 levels left

rFire    . . .     SeeInvis +   g - +2 dagger (venom)
rCold    + + .     Faith    .   (no shield)
rNeg     + + +     Spirit   .   a - +0 robe
rPois    ∞         Reflect  .   (no helmet)
rElec    .         Harm     .   (no cloak)
rCorr    .         Rampage  .   (no gloves)
MR       .....                  k - +0 pair of boots
Stlth    ++++......             (no amulet)
HPRegen  0.00/turn              (no ring)
MPRegen  0.09/turn              (no ring)

@: bloodless
A: fangs 3, see invisible, unbreathing
a: Revivify


You were on level 2 of the Dungeon.
You visited 1 branch of the dungeon, and saw 2 of its levels.

You collected 65 gold pieces.

Inventory:

Hand Weapons
 c - a +0 short sword
 g - a +2 dagger of venom (weapon)
Missiles
 d - 42 stones
 h - 13 poisoned darts (quivered)
Armour
 a - a +0 robe (worn)
 k - a +0 pair of boots (worn)
Scrolls
 b - 2 scrolls of identify {unknown}
 l - a scroll of remove curse {unknown}
Potions
 e - a potion of brilliance {unknown}
 f - 2 potions of lignification {unknown}
 i - a potion of haste {unknown}
 j - a potion of curing {unknown}


   Skills:
 - Level 2.1 Dodging
 - Level 3.0 Stealth
 + Level 2.4 Spellcasting
 + Level 4.7 Necromancy


You had 3 spell levels left.
You knew the following spells:

 Your Spells              Type           Power        Failure   Level
a - Pain                  Necr           ###.         2%          1
b - Animate Skeleton      Necr           ###...       2%          1

Your spell library contained the following spells:

 Spells                   Type           Power        Failure   Level
 Vampiric Draining        Necr           ###.......   8%          3
 Animate Dead             Necr           ###.......   26%         4
 Agony                    Necr           ###.....     58%         5


Dungeon Overview and Level Annotations

Branches:
Dungeon (2/15)

Altars:


Innate Abilities, Weirdness & Mutations

You do not regenerate when monsters are visible.
You are frail without blood (-20% HP).
You can heal yourself when you bite living creatures.
You are immune to poison.
You have razor-sharp teeth.
You have supernaturally acute eyesight. (SInv)
You can survive without breathing.


Message History

The orc wizard writhes in agony.
The orc priest calls upon Beogh to heal the orc wizard.
The orc wizard is healed somewhat.
Casting: Pain (safe; 2% risk of failure)
Confirm with . or Enter, or press ? or * to list all spells.
Aiming: Pain (safe; 2% risk of failure)
Press: ? - help, Shift-Dir - straight line, f/p - orc wizard
Aim: an orc wizard, wielding a +0 dagger and wearing a +0 robe (chance to defeat MR: 78%)
The orc wizard writhes in agony!
The orc wizard hits you but does no damage.
Casting: Pain (safe; 2% risk of failure)
Confirm with . or Enter, or press ? or * to list all spells.
You don't have enough magic to cast that spell.
The orc wizard miscasts a cantrip.
The orc priest casts a cantrip, but nothing happens.
You hit the orc wizard.
The orc wizard is poisoned.
The orc wizard is severely wounded.
The orc warrior hits you from afar with a +0 trident!
Ouch! That really hurt!
You die...

#### #.. ..
.. #.##.#$!
###.##.#...
#<........#
#.#.##.##.#
#.#.##.##.#
#.#.......#
#.##@o...##
..##.....#
####o..(.#
#.o...#
#o....#
.(...##
...#..#
#..#_#..
... # ..#


You could see an orc warrior, an orc priest, an orc wizard (very poisoned) and
an orc.

Vanquished Creatures
  A leopard gecko (D:1)
  3 goblins (D:1)
  2 hobgoblins (D:1)
  3 kobolds (D:1)
  A bat (D:1)
  A frilled lizard (D:1)
  3 rats (D:1)
14 creatures vanquished.

Notes
Turn   | Place    | Note
-------+----------+-------------------------------------------
     0 | D:1      | DoubleLucky the Vampire Necromancer began the quest for the
                  | Orb.
     0 | D:1      | Reached XP level 1. HP: 13/13 MP: 3/3
     2 | D:1      | Learned a level 1 spell: Animate Skeleton
   383 | D:1      | Reached XP level 2. HP: 14/19 MP: 0/5
   657 | D:2      | Found a faded altar of an unknown god.
   681 | D:2      | Noticed an orc warrior
   690 | D:2      | Slain by an orc warrior

Illustrated notes

Levels and vault maps discovered:
D:1:      psy_arrival_conway, layout_rooms, minmay_tetromino_t2
D:2:      layout_loops_cross, chequers_ecumenical_altar_simple, st_stairs_9,
          item_on_display_a

Action                   || total
-------------------------++-------
Melee: Dagger            ||     5
       Short sword       ||     2
 Cast: Pain              ||    27
 Abil: Exsanguinate      ||     1
Armor: Robe              ||     3
Dodge: Dodged            ||     6

Table legend: (Time is in decaauts)
 A = Elapsed time spent in this place.
 B = Non-inter-level travel time spent in this place.
 C = Inter-level travel time spent in this place.
 D = Time resting spent in this place.
 E = Time spent auto-exploring this place.
 F = Levels seen in this place.
 G = Mean time per level.
                   A        B        C        D        E       F      G
               +--------+--------+--------+--------+--------+-----+--------+
         Total |    692 |    688 |      4 |     71 |    407 |   2 |  346.0 |
       Dungeon |    692 |    688 |      4 |     71 |    407 |   2 |  346.0 |
               +--------+--------+--------+--------+--------+-----+--------+

Top non-repeatable levels by time:
     D:1: 651 daAuts
     D:2: 40 daAuts
